 Dungeon Crawl Stone Soup version 0.30-a0-534-gdc55766716 (webtiles) character file.

Game seed: 9036346029724765119

9158 Newt the Cruncher (level 11, -2/86 HPs)
             Began as a Demonspawn Gladiator on Dec 24, 2022.
             Was a Follower of Qazlal.
             Killed from afar by a gargoyle (24 damage)
             ... with a stone arrow
             ... on level 9 of the Dungeon.
             The game lasted 00:11:07 (7136 turns).

Newt the Cruncher (Demonspawn Gladiator)            Turns: 7136, Time: 00:11:08

Health: -2/86      AC: 16    Str: 18    XL:     11   Next: 19%
Magic:  11/11      EV:  9    Int: 15    God:    Qazlal [*.....]
Gold:   606        SH:  2    Dex: 28    Spells: 10/10 levels left

rFire   . . .      SeeInvis .    n - +5 quarterstaff (drain)
rCold   . . .      Faith    .    (shield currently unavailable)
rNeg    . . .      Spirit   .    O - +0 chain mail {Will+}
rPois   .          Reflect  .    c - +0 helmet
rElec   .          Harm     .    (no cloak)
rCorr   .          Rampage  .    h - +1 pair of gloves
Will    +....                    I - +1 pair of boots Stlth
                                 j - amulet of regeneration
HPRegen 1.14/turn                m - +6 ring of dexterity
MPRegen 0.12/turn                p - +6 ring of dexterity

@: no status effects
A: foul stench 1, powered by death 3, big brain 3
a: Renounce Religion


You were on level 9 of the Dungeon.
You worshipped Qazlal.
Qazlal was aware of your devotion.
You visited 2 branches of the dungeon, and saw 10 of its levels.

You collected 658 gold pieces.
You spent 52 gold pieces at shops.

Inventory:

Hand Weapons
 a - a +0 rapier
 n - a +5 quarterstaff of draining (weapon)
Missiles
 e - a javelin (quivered)
 x - 25 poisoned darts
Armour
 b - a +0 leather armour
 c - a +0 helmet (worn)
 h - a +1 pair of gloves (worn)
 r - a +0 chain mail
 I - a +1 pair of boots (worn)
 O - a +0 chain mail of willpower (worn)
Jewellery
 j - an amulet of regeneration (around neck)
 l - an amulet of the acrobat
 m - a +6 ring of dexterity (left hand)
 p - a +6 ring of dexterity (right hand)
 w - a ring of poison resistance
 E - an amulet of magic regeneration
 G - a ring of flight
Wands
 f - a wand of flame (14)
 v - a wand of paralysis (11)
 y - a wand of mindburst (18)
Scrolls
 g - 3 scrolls of identify
 s - a scroll of brand weapon
 A - a scroll of amnesia
 D - 2 scrolls of teleportation
 H - a scroll of enchant armour
 J - 3 scrolls of vulnerability
 K - 2 scrolls of poison
Potions
 i - 4 potions of curing
 k - 2 potions of heal wounds
 q - 2 potions of berserk rage
 t - 2 potions of attraction
 u - 2 potions of mutation
 B - a potion of flight
 C - a potion of degeneration
 F - a potion of invisibility
 L - a potion of brilliance
Miscellaneous
 N - a condenser vane (inert)
 P - a lightning rod (4/4)


   Skills:
 - Level 8.0 Fighting
 - Level 2.6 Short Blades
 + Level 8.6 Staves
 - Level 4.0 Throwing
 - Level 8.0 Armour
 - Level 2.6 Dodging
 - Level 2.0 Stealth
 - Level 8.0 Evocations


You had 10 spell levels left.
You didn't know any spells.
Your spell library contained the following spells:

 Spells                   Type           Power      Damage    Failure   Level
 Apportation              Tloc           0%         N/A       67%         1
 Necrotise                Necr           0%         1d4       67%         1
 Summon Small Mammal      Summ           0%         N/A       67%         1
 Dazzling Flash           Conj/Hex       0%         N/A       95%         3
 Hailstorm                Conj/Ice       0%         3d3       95%         3
 Ozocubu's Armour         Ice            0%         N/A       95%         3
 Ice Form                 Ice/Tmut       0%         N/A       100%        4
 Agony                    Necr           0%         N/A       100%        5
 Alistair's Intoxication  Tmut/Pois      0%         N/A       100%        5
 Silence                  Hex/Air        0%         N/A       100%        5
 Simulacrum               Ice/Necr       0%         N/A       100%        6
 Ozocubu's Refrigeration  Ice            0%         4d7       100%        7


Dungeon Overview and Level Annotations

Branches:
Dungeon (9/15)             Temple (1/1) D:6            Lair (0/5) D:9
    Orc: D:9-12

Altars:
Ashenzari
Cheibriados
Dithmenos
Fedhas
Gozag
Hepliaklqana
Kikubaaqudgha
Makhleb
Nemelex Xobeh
Okawaru
Qazlal
Ru
Sif Muna
Trog
Uskayaw
Vehumet
Wu Jian
Xom
Yredelemnul

Shops:
D:6 *   D:7 (

Annotations:
D:8 2 runed translucent doors


Innate Abilities, Weirdness & Mutations

You may rarely emit foul miasma when damaged in melee.
You regenerate a lot of health from kills.
You have an absolutely massive brain. (Int +6, Wiz)


Message History

The tengu warrior pecks you but does no damage.
The tengu warrior claws you but does no damage.
You completely miss the tengu warrior.
The tengu warrior is severely wounded.
The tengu warrior barely misses you.
The tengu warrior pecks you but does no damage.
The tengu warrior claws you but does no damage.
You sock the tengu warrior! You drain the tengu warrior.
You kill the tengu warrior!
Qazlal accepts your kill.
You sock the gargoyle!
The gargoyle is heavily damaged.
The gargoyle hits you with a +0 flail!
You hit the gargoyle but do no damage.
The gargoyle is heavily damaged.
The gargoyle hits you with a +0 flail!
You hit the gargoyle but do no damage.
The gargoyle is heavily damaged.
The gargoyle hits you with a +0 flail!!
* * * LOW HITPOINT WARNING * * *
You emit a cloud of foul miasma!
The yak snorts and paws the ground.
You hit the gargoyle but do no damage.
The gargoyle is heavily damaged.
The gargoyle hits you but does no damage.
Unknown command.
You hit the gargoyle.
The gargoyle is heavily damaged.
Throw: throwing net
Press: ? - help, Q - select action, (/) - cycle Shift-Dir - straight line, f - gargoyle
Aim: a gargoyle, wielding a +0 flail (foul pestilence, heavily damaged, 82% to hit)
You throw a throwing net. The throwing net hits the gargoyle.
The gargoyle is caught in the net!
The gargoyle is heavily damaged.
The gargoyle struggles against the net.
You hit the gargoyle.
The gargoyle is severely damaged.
The gargoyle hurls a stone arrow at you.
The stone arrow hits you!!
You die...

##..####### ##..# .....
..........# #..#
#....######....#.# #..##
.....#)..........# ###...#
.....#......##...#####.....######
....Y#......##.{Y............##..
.....#.........YYY.....####.....#
....Y#....#Y..Y#9####### ##..###
........p.9.Y..#@# ##.##
......$##..YC..#.# #..#
.......##.p....#.# #..#
.[............:#.# ##.##
#....#....######.# ###..#####
..p........ ..# ##........#
..##....... ..# #.......... ..
#........ ..# ##.......... ...#
###........(..


You could see 4 yaks and a gargoyle (caught).

Vanquished Creatures
  A two-headed ogre (D:8)
  2 tengu warriors
  The ghost of Darkkill the Skirmisher, a novice MiHu of Nemelex Xobeh (D:8)
  2 skeletal warriors (D:8)
  A manticore (D:8)
  Joseph (D:7)
  Prince Ribbit (D:7)
  A slime creature (D:9)
  5 yaks
  A basilisk (D:8)
  A wyvern (D:8)
  2 steam dragons (D:8)
  A vampire mosquito (D:9)
  An acid dragon (D:8)
  3 water moccasins
  An orc warrior (D:8)
  An ice beast (D:5)
  2 sky beasts
  2 black bears
  An ogre (D:6)
  A centaur (D:8)
  3 phantoms
  3 kobold brigands
  4 bullfrogs
  2 necrophages
  A wight (D:8)
  3 howler monkeys
  4 hounds
  A jelly (D:8)
  4 orc priests
  3 gnoll boudas
  6 iguanas
  9 orc wizards
  22 gnolls
  7 adders
  A shadow imp (D:5)
  A white imp (D:7)
  2 ufetubi
  5 worms
  5 dart slugs
  44 orcs
  2 bats
  5 endoplasms
  5 giant cockroaches
  6 goblins
  9 hobgoblins
  20 jackals
  8 kobolds
  5 quokkas
  7 ball pythons
  5 frilled lizards
  2 rats
236 creatures vanquished.

Vanquished Creatures (others)
  28 plants
28 creatures vanquished.

Grand Total: 264 creatures vanquished

Notes
Turn   | Place    | Note
-------+----------+-------------------------------------------
     0 | D:1      | Newt the Demonspawn Gladiator began the quest for the Orb.
     0 | D:1      | Reached XP level 1. HP: 16/16 MP: 1/1
    52 | D:1      | Reached skill level 1 in Stealth
    96 | D:1      | Gained mutation: You regenerate a little health from kills.
                  | [demonic ancestry]
    96 | D:1      | Reached XP level 2. HP: 22/22 MP: 2/2
   416 | D:1      | Gained mutation: You have an unusually large brain. (Int
                  | +2) [demonic ancestry]
   416 | D:1      | Reached XP level 3. HP: 27/28 MP: 3/3
  1162 | D:2      | Gained mutation: You regenerate health from kills. [demonic
                  | ancestry]
  1162 | D:2      | Reached XP level 4. HP: 37/37 MP: 4/4
  1799 | D:3      | You fall into a shaft and drop 2 floors!
  1799 | D:5      | Entered Level 5 of the Dungeon
  1835 | D:5      | Found a snail-covered altar of Cheibriados.
  1849 | D:5      | Found a shimmering altar of Xom.
  1849 | D:5      | Noticed an ice beast
  1870 | D:5      | Reached skill level 1 in Staves
  2213 | D:4      | Gained mutation: You have an extremely huge brain. (Int +4)
                  | [demonic ancestry]
  2213 | D:4      | Reached XP level 5. HP: 42/42 MP: 5/5
  2505 | D:4      | Noticed a phantom
  2525 | D:4      | Killed a phantom
  2526 | D:4      | Gained mutation: You may rarely emit foul miasma when
                  | damaged in melee. [demonic ancestry]
  2526 | D:4      | Reached XP level 6. HP: 48/48 MP: 6/6
  2655 | D:4      | Reached skill level 5 in Staves
  2741 | D:4      | Reached skill level 1 in Armour
  2869 | D:5      | Reached XP level 7. HP: 44/52 MP: 7/7
  2944 | D:5      | Noticed a yak
  2944 | D:5      | Noticed a yak
  2944 | D:5      | Noticed a yak
  2981 | D:5      | Killed a yak
  2991 | D:5      | Killed a yak
  2992 | D:5      | Killed a yak
  2993 | D:5      | Reached skill level 5 in Armour
  2993 | D:5      | Reached XP level 8. HP: 60/60 MP: 8/8
  3798 | D:6      | Found a staircase to the Ecumenical Temple.
  3803 | D:6      | Reached skill level 5 in Fighting
  3810 | D:6      | Gained mutation: You regenerate a lot of health from kills.
                  | [demonic ancestry]
  3810 | D:6      | Reached XP level 9. HP: 63/68 MP: 9/9
  3830 | Temple   | Entered the Ecumenical Temple
  4025 | Temple   | Became a worshipper of Qazlal Stormbringer
  4261 | D:6      | Reached skill level 1 in Evocations
  4444 | D:6      | Found Fetacsaogi's Assorted Antiques.
  4447 | D:6      | Bought a purple potion for 16 gold pieces
  4447 | D:6      | Bought a scroll of identify for 36 gold pieces
  4558 | D:6      | Found a hazy altar of Hepliaklqana.
  4984 | D:7      | Found Goryown's Weapon Emporium.
  5037 | D:7      | Noticed Joseph
  5054 | D:7      | Killed Joseph
  5055 | D:7      | Reached skill level 5 in Evocations
  5233 | D:7      | Noticed Prince Ribbit
  5245 | D:7      | Killed Prince Ribbit
  5484 | D:7      | Reached * piety under Qazlal
  5938 | D:8      | Found a shadowy altar of Dithmenos.
  6023 | D:8      | Found a runed translucent gate.
  6023 | D:8      | Found a runed translucent gate.
  6024 | D:8      | Found a runed translucent gate.
  6028 | D:8      | Noticed Darkkill's ghost (novice MiHu)
  6039 | D:8      | Killed Darkkill's ghost
  6040 | D:8      | Reached XP level 10. HP: 76/76 MP: 10/10
  6455 | D:8      | Noticed a manticore
  6457 | D:8      | Noticed a tengu warrior
  6463 | D:8      | Killed a manticore
  6471 | D:8      | Killed a tengu warrior
  6473 | D:8      | Identified the +8 dagger of Ancient Evil {antimagic, Int+6}
  6507 | D:8      | Found a runed translucent door.
  6507 | D:8      | Noticed a skeletal warrior
  6508 | D:8      | Found a runed translucent door.
  6508 | D:8      | Noticed a two-headed ogre
  6508 | D:8      | Noticed a skeletal warrior
  6509 | D:8      | Found a runed translucent door.
  6540 | D:8      | Killed a skeletal warrior
  6558 | D:8      | Killed a skeletal warrior
  6562 | D:8      | Killed a two-headed ogre
  6565 | D:8      | Gained mutation: You have an absolutely massive brain. (Int
                  | +6, Wiz) [demonic ancestry]
  6565 | D:8      | Reached XP level 11. HP: 66/84 MP: 11/11
  6969 | D:9      | Found a staircase to the Lair.
  7086 | D:9      | Noticed a tengu warrior
  7086 | D:9      | Noticed a death knight
  7090 | D:9      | Noticed a wizard
  7129 | D:9      | Killed a tengu warrior
  7136 | D:9      | Killed from afar by a gargoyle

Illustrated notes

Levels and vault maps discovered:
D:1:      lemuel_arrival_rhombus, layout_basic, hangedman_decor_lopped
D:2:      layout_loops_ring, dk_noncrumbling_4
D:3:      layout_rooms
D:4:      layout_loops_cross, serial_park_tiny_pond,
          nicolae_concentric_dashed_squares_mild
D:5:      lemuel_castle_with_subvaults [lemuel_castle_interior_carwin_2],
          layout_basic, mainiacjoe_overflow_catwalk_spiral, dk_rats_in_the_wall
D:6:      layout_basic, amcnicky_altar_gilded, minmay_temple_entry_purple_smoke,
          serial_shops, kennysheep_mini_moat, st_stairs_2
D:7:      wander_river, layout_basic, serial_shops, nicolae_shop_hallway_stairs,
          kennysheep_boxes, uniq_prince_ribbit1, uniq_joseph
D:8:      minmay_the_grid_four_pointed_star
          [minmay_the_grid_triangle_9x9_dagger,
          minmay_the_grid_triangle_9x9_fully_insulated_deathbox,
          minmay_the_grid_triangle_9x9_wacky_v,
          minmay_the_grid_triangle_9x9_descending_squares,
          minmay_the_grid_prize_diamond_cup], layout_loops_corners,
          mainiacjoe_overflow_tiny_flanked, gammafunk_ghost_spectres
D:9:      minmay_cut_squares, layout_cave_pods, lair_entry_dummy,
          nicolae_shop_firing_range
Temple:   eino_narrow_crystal_temple

Skill      XL: |  1  2  3  4  5  6  7  8  9 10 11 |
---------------+----------------------------------+-----
Stealth        | 1 2 |  2.0
Fighting       | 3 4 5 6 7 8 |  8.0
Staves         | 2 4 5 8 |  8.6
Armour         | 1 5 7 8 |  8.0
Evocations     | 5 8 |  8.0
Throwing       | 4 |  4.0
Short Blades   | |  2.6
Dodging        | |  2.6

Action                   |  1- 3 |  4- 6 |  7- 9 | 10-12 || total
-------------------------+-------+-------+-------+-------++-------
Melee: Rapier            |   129 |       |       |       ||   129
       Punch             |     2 |       |       |       ||     2
       Quarterstaff      |    12 |   148 |   358 |   115 ||   633
Throw: Throwing net      |       |       |       |     4 ||     4
Evoke: Condenser vane    |       |       |       |     1 ||     1
  Use: Scroll            |       |     9 |    15 |     1 ||    25
       Potion            |       |       |     2 |     3 ||     5
 Stab: Sleeping          |     1 |       |       |       ||     1
       Held in net/web   |       |       |       |     6 ||     6
       Confused          |       |       |       |     1 ||     1
Armor: Leather armour    |    44 |       |       |       ||    44
       Chain mail        |     1 |    82 |   205 |    50 ||   338
       Skin              |       |       |     8 |       ||     8
Dodge: Dodged            |    87 |    57 |   123 |    43 ||   310
Block: Other             |       |       |     1 |     1 ||     2

Table legend: (Time is in decaauts)
 A = Elapsed time spent in this place.
 B = Non-inter-level travel time spent in this place.
 C = Inter-level travel time spent in this place.
 D = Time resting spent in this place.
 E = Time spent auto-exploring this place.
 F = Levels seen in this place.
 G = Mean time per level.
                   A        B        C        D        E       F      G
               +--------+--------+--------+--------+--------+-----+--------+
         Total |   7142 |   6820 |    322 |    102 |   5171 |  10 |  714.2 |
       Dungeon |   6939 |   6638 |    301 |    102 |   5000 |   9 |  771.0 |
        Temple |    203 |    182 |     21 |      0 |    171 |   1 |  203.0 |
               +--------+--------+--------+--------+--------+-----+--------+

Top non-repeatable levels by time:
     D:6: 1072 daAuts
     D:8: 1069 daAuts
     D:5: 1018 daAuts
     D:7: 912 daAuts
     D:4: 788 daAuts
     D:1: 723 daAuts
     D:2: 712 daAuts
     D:3: 445 daAuts
  Temple: 203 daAuts
     D:9: 197 daAuts
